 Dungeon Crawl Stone Soup version 0.28-a0-1506-g3893175d92 (webtiles) character file.

Game seed: 4165013157613911615

12060 tatocazan the Basher (level 11, -23/72 HPs)
             Began as a Gargoyle Fighter on Jan 14, 2022.
             Was a Believer of Makhleb.
             Killed by refrigeration
             ... invoked by Fannar
              (24 damage)
             ... on level 10 of the Dungeon.
             The game lasted 00:15:26 (12005 turns).

tatocazan the Basher (Gargoyle Fighter)            Turns: 12005, Time: 00:15:27

Health: -23/72     AC: 23    Str: 24    XL:     11   Next: 87%
Magic:  15/15      EV: 14    Int:  9    God:    Makhleb [**....]
Gold:   378        SH:  5    Dex: 11    Spells: 10/10 levels left

rFire   . . .      SeeInvis +   w - +1 eveningstar (vamp)
rCold   . . .      Faith    .   c - +0 buckler
rNeg    + . .      Spirit   .   B - +0 chain mail
rPois   ∞          Reflect  .   j - +1 helmet
rElec   +          Harm     .   (no cloak)
rCorr   .          Rampage  .   k - +0 pair of gloves
Will    .....                   (no boots)
Stlth   ..........              (no amulet)
HPRegen 0.22/turn               g - +4 ring of evasion
MPRegen 0.14/turn               m - ring of Xom's Grace {Dex+2 SInv}

@: hasted, very quick
A: sickness immunity, AC +8, negative energy resistance 1, electricity
resistance, torment resistance 1, petrification resistance
a: Renounce Religion, Minor Destruction


You were on level 10 of the Dungeon.
You worshipped Makhleb.
Makhleb was pleased with you.
You visited 2 branches of the dungeon, and saw 11 of its levels.
You also visited: Sewer and Ossuary.

You collected 653 gold pieces.
You spent 275 gold pieces at shops.

Inventory:

Hand Weapons
 w - a +1 vampiric eveningstar (weapon)
Missiles
 y - 6 silver javelins (quivered)
Armour
 c - a +0 buckler (worn)
 j - a +1 helmet (worn)
 k - a +0 pair of gloves (worn)
 A - the +2 pair of boots of the Crushed Youths {rPois rF- Str+3}
   (You bought it in a shop on level 6 of the Dungeon)

   Str:       It affects your strength (+3).
   rF:        It makes you vulnerable to fire.
   rPois:     It protects you from poison.
 B - a +0 chain mail (worn)
Jewellery
 g - a +4 ring of evasion (left hand)
 m - the ring of Xom's Grace (right hand) {Dex+2 SInv}
   (You acquired it on level 5 of the Dungeon)

   [ring of see invisible]

   Dex:       It affects your dexterity (+2).
   SInv:      It lets you see invisible.
 o - a ring of flight
Wands
 x - a wand of digging (4)
Scrolls
 a - 3 scrolls of enchant armour
 e - 3 scrolls of teleportation
 f - a scroll of fear
 h - 7 scrolls of identify
 l - 3 scrolls of immolation
 v - 3 scrolls of fog
Potions
 d - 4 potions of attraction
 i - a potion of might
 n - 4 potions of lignification
 q - 6 potions of degeneration
 r - a potion of magic
 s - a potion of mutation
 u - 2 potions of curing


   Skills:
 + Level 9.7 Fighting
 * Level 10.8 Maces & Flails
 + Level 9.7 Armour
 + Level 5.2 Dodging
 - Level 6.3 Shields
 + Level 6.2 Invocations


You had 10 spell levels left.
You didn't know any spells.
Your spell library contained the following spells:

 Spells                   Type           Power      Damage    Failure   Level
 Ensorcelled Hibernation  Hex/Ice        0%         N/A       99%         2
 Passwall                 Tmut/Erth      0%         N/A       99%         2
 Ignite Poison            Fire/Tmut/Pois 0%         N/A       100%        3
 Mephitic Cloud           Conj/Pois/Air  0%         N/A       100%        3
 Stone Arrow              Conj/Erth      0%         3d7       100%        3
 Swiftness                Air            0%         N/A       100%        3
 Animate Armour           Summ/Erth      0%         N/A       100%        4
 Freezing Cloud           Conj/Ice/Air   0%         6-21      100%        5
 Lehudib's Crystal Spear  Conj/Erth      0%         10d2      100%        8


Dungeon Overview and Level Annotations

Branches:
Dungeon (10/15)            Temple (1/1) D:6            Lair (0/6) D:10
  Sewer (visited)         Ossuary (visited)
    Orc: D:9-12

Altars:
Ashenzari
Cheibriados
Dithmenos
Fedhas
Gozag
Hepliaklqana
Kikubaaqudgha
Makhleb
Nemelex Xobeh
Okawaru
Qazlal
Ru
Sif Muna
Trog
Uskayaw
Vehumet
Xom
Yredelemnul
Zin
The Shining One

Shops:
D:6 ![[   D:10 *

Annotations:
D:6 3 runed translucent doors, 1 transporter, melkoren's ghost, novice MiBe; swinepaste's ghost, novice DEFE
D:8 2 runed translucent doors
D:10 Fannar


Innate Abilities, Weirdness & Mutations

You are immune to sickness and miasma.
Your stone body is resilient. (AC +8)
You are immune to poison.
You resist negative energy. (rN+)
You are resistant to electric shocks. (rElec)
You are resistant to unholy torment.
You are immune to petrification.


Message History

You take 11 damage, and have 12/72 hp.
You feel yourself speed up.
You barely miss the ice beast. You sock the ice beast!
The ice beast is heavily wounded.
The ice beast hits you but does no damage.
You hit the ice beast.
The ice beast is heavily wounded.
You hit the ice beast.
The ice beast is severely wounded.
The ice beast hits you but does no damage.
You closely miss the ice beast.
The ice beast is severely wounded.
You block the ice beast's attack.
You barely miss the ice beast.
The ice beast is severely wounded.
You sock the ice beast!
You kill the ice beast!
The ice beast disappears in a puff of smoke!
Fannar casts a spell.
You closely miss the ice beast. You barely miss the ice beast.
The ice beast hits you but does no damage.
You sock the ice beast!
The ice beast is heavily wounded.
You closely miss the ice beast.
The ice beast is heavily wounded.
The ice beast hits you.
* * * LOW HITPOINT WARNING * * *
The ice beast freezes you!
* * * LOW HITPOINT WARNING * * *
You take 13 damage, and have 1/72 hp.
You hit the ice beast.
The ice beast is heavily wounded.
You block the ice beast's attack.
You closely miss the ice beast.
The ice beast is heavily wounded.
Fannar gestures wildly while chanting.
Fannar drains the heat from the surrounding environment!
You die...

.......#.......#
###............#
#.......######
#.########### #.#
####...# #.#
#......### #.#
#.[......#
#.####.....$..######.#
#.............@Ye....#
######.##...##########
#.##...# #......#
########


You could see Fannar and an ice beast (summoned).

Vanquished Creatures
  Snorg (D:10)
  2 two-headed ogres
  6 death yaks (D:10)
  A deep elf pyromancer (D:10)
  A cyclops (D:9)
  Maurice (D:10)
  A gargoyle (D:10)
  A hornet (D:7)
  5 yaks (D:7)
  4 fire bats (D:9)
  Grum (D:10)
  A steam dragon (D:9)
  A water moccasin (D:2)
  An orc warrior (D:9)
  A sky beast (D:8)
  4 necrophages
  3 ogres
  4 wolves (D:10)
  5 centaurs
  2 kobold brigands
  Blork the orc (D:6)
  3 bullfrogs (D:8)
  A scorpion (D:6)
  A water moccasin zombie (D:6)
  A wyvern skeleton (D:7)
  6 wights
  3 howler monkeys
  7 centaur zombies
  2 jellies
  A centaur skeleton (D:7)
  2 human zombies (Ossuary)
  4 orc priests
  2 hounds
  A gnoll shaman (D:8)
  6 iguanas
  3 orc wizards
  A hound zombie (D:5)
  2 mummies (Ossuary)
  3 howler monkey zombies
  5 gnolls (D:8)
  11 adders
  A river rat (Sewer)
  A shadow imp (D:7)
  A white imp (D:6)
  An ufetubus (D:7)
  An adder zombie (Ossuary)
  An adder skeleton (D:5)
  10 dart slugs (D:4)
  4 worms
  10 orcs
  6 bats
  5 endoplasms
  12 giant cockroaches
  2 goblins
  4 hobgoblins
  4 jackals (D:2)
  4 quokkas
  11 ball pythons
  3 frilled lizards
  2 goblin zombies (Ossuary)
  9 hobgoblin zombies (Ossuary)
  A jackal zombie (Ossuary)
  19 kobolds
  6 kobold zombies (Ossuary)
  12 orc zombies (Ossuary)
  7 rats
  A rat zombie (Ossuary)
250 creatures vanquished.

Vanquished Creatures (others)
  An orc (D:10)
1 creature vanquished.

Grand Total: 251 creatures vanquished

Notes
Turn   | Place    | Note
-------+----------+-------------------------------------------
     0 | D:1      | tatocazan the Gargoyle Fighter began the quest for the Orb.
     0 | D:1      | Reached XP level 1. HP: 14/14 MP: 1/1
   122 | D:1      | You fall into a shaft and drop 1 floor!
   136 | D:2      | Reached XP level 2. HP: 15/19 MP: 2/2
   464 | D:2      | Reached XP level 3. HP: 13/23 MP: 3/3
  1684 | D:1      | Found a faded altar of an unknown god.
  1736 | D:3      | Found a stormy altar of Qazlal.
  1756 | D:3      | Reached XP level 4. HP: 26/29 MP: 4/4
  1849 | D:3      | Noticed a water moccasin
  1938 | D:2      | Killed a water moccasin
  1939 | D:2      | Reached skill level 3 in Maces & Flails
  1939 | D:2      | Reached XP level 5. HP: 17/34 MP: 5/5
  2314 | D:3      | Noticed an ogre
  2711 | D:3      | Killed an ogre
  2712 | D:3      | Reached XP level 6. HP: 14/39 MP: 6/6
  3659 | D:4      | Reached skill level 5 in Fighting
  3926 | D:4      | Reached skill level 5 in Armour
  3932 | D:4      | Reached skill level 5 in Shields
  3932 | D:4      | Reached XP level 7. HP: 25/44 MP: 7/7
  4284 | D:4      | Reached skill level 4 in Maces & Flails
  4285 | D:4      | Found a sparkling altar of Nemelex Xobeh.
  4806 | D:5      | Entered Level 5 of the Dungeon
  4938 | D:5      | Found a glowing drain.
  5082 | Sewer    | Entered a sewer
  5225 | Sewer    | Reached XP level 8. HP: 45/51 MP: 8/8
  5616 | D:5      | Found a sacrificial altar of Ru.
  5925 | D:5      | Identified a scroll of acquirement
  5925 | D:5      | Acquired the ring of Xom's Grace {Dex+2 SInv}
  6053 | D:6      | Found a runed translucent gate.
  6053 | D:6      | Found a runed translucent gate.
  6053 | D:6      | Found a runed translucent gate.
  6053 | D:6      | Noticed melkoren's ghost (novice MiBe)
  6061 | D:6      | Found a basalt altar of Yredelemnul.
  6070 | D:6      | Reached skill level 5 in Maces & Flails
  6181 | D:6      | Found a hazy altar of Hepliaklqana.
  6203 | D:6      | Found Napew's Antique Armour Boutique.
  6416 | D:6      | Noticed Blork the orc
  6426 | D:6      | Killed Blork the orc
  6427 | D:6      | Acquired a +1 vampiric eveningstar
  6572 | D:6      | Found Wetor's Distillery.
  6730 | D:6      | Noticed a two-headed ogre
  6741 | D:6      | Killed a two-headed ogre
  6742 | D:6      | Reached skill level 6 in Maces & Flails
  6742 | D:6      | Reached XP level 9. HP: 41/57 MP: 9/9
  6825 | D:6      | Found Qulimeuvifo's Antique Armour Shoppe.
  6926 | D:6      | Found a transporter.
  6926 | D:6      | Noticed swinepaste's ghost (novice DEFE)
  7036 | D:6      | Found a staircase to the Ecumenical Temple.
  7205 | Temple   | Entered the Ecumenical Temple
  7320 | Temple   | Became a worshipper of Makhleb the Destroyer
  7408 | D:7      | Noticed a hornet
  7414 | D:7      | Killed a hornet
  7415 | D:7      | Reached skill level 7 in Maces & Flails
  7481 | D:7      | Reached skill level 1 in Invocations
  7606 | D:7      | Reached XP level 10. HP: 48/64 MP: 10/12
  7612 | D:7      | Reached skill level 8 in Maces & Flails
  8074 | D:8      | Reached * piety under Makhleb
  8211 | D:8      | Found a sand-covered staircase.
  8216 | Ossuary  | Entered an ossuary
  8411 | Ossuary  | Reached ** piety under Makhleb
  8501 | D:8      | Found a large runed translucent door.
  8503 | D:8      | Found a large runed translucent door.
  8567 | D:8      | Found a hide-covered altar of Uskayaw.
  8567 | D:8      | Found a shadowy altar of Dithmenos.
  8568 | D:8      | Found a radiant altar of Vehumet.
  8568 | D:8      | Found a shimmering altar of Xom.
  8569 | D:8      | Identified the +6 glaive of Zeaf Ria {freeze, rPois Will+
                  | Str-3 Int+6}
  8571 | D:8      | Found an ancient bone altar of Kikubaaqudgha.
  9099 | D:9      | Found a snail-covered altar of Cheibriados.
  9605 | D:9      | Noticed a cyclops
  9616 | D:9      | Killed a cyclops
 10013 | D:6      | Bought a pair of dazzling boots for 275 gold pieces
 10013 | D:6      | Identified the +2 pair of boots of the Crushed Youths
                  | {rPois rF- Str+3} (You bought it in a shop on level 6 of
                  | the Dungeon)
 10171 | D:9      | Reached skill level 9 in Maces & Flails
 10465 | D:9      | Noticed a two-headed ogre
 10477 | D:9      | Killed a two-headed ogre
 10862 | D:10     | Entered Level 10 of the Dungeon
 10902 | D:10     | Noticed a death yak
 10902 | D:10     | Noticed a death yak
 10904 | D:10     | Noticed Grum
 10904 | D:10     | Noticed a gargoyle
 10905 | D:10     | Found a staircase to the Lair.
 10906 | D:10     | Noticed a death yak
 10907 | D:10     | Noticed a death yak
 10907 | D:10     | Noticed a death yak
 10912 | D:10     | Noticed a death yak
 10920 | D:10     | Killed a death yak
 10921 | D:10     | Reached skill level 5 in Invocations
 10921 | D:10     | Reached XP level 11. HP: 71/71 MP: 14/14
 10930 | D:10     | Killed a death yak
 10943 | D:10     | Killed a death yak
 10954 | D:10     | Killed a death yak
 10955 | D:10     | Reached skill level 10 in Maces & Flails
 10965 | D:10     | Killed a death yak
 10983 | D:10     | Killed a death yak
 10986 | D:10     | Killed Grum
 11016 | D:10     | Reached skill level 5 in Dodging
 11279 | D:10     | Found Irha's Demolitions Depot.
 11549 | D:10     | Noticed a death knight
 11697 | D:10     | Noticed a deep elf pyromancer
 11711 | D:10     | Killed a deep elf pyromancer
 11875 | D:10     | Noticed Maurice
 11889 | D:10     | Killed Maurice
 11916 | D:10     | Noticed Snorg
 11930 | D:10     | Killed Snorg
 11985 | D:10     | Noticed Fannar
 12003 | D:10     | HP: 1/72 [ice beast[Fannar] (11)]
 12005 | D:10     | Killed from afar by Fannar

Illustrated notes

Levels and vault maps discovered:
D:1:      saegor_arrival_simple_b, layout_loops_cross,
          ebering_ecumenical_altar_hall
D:2:      layout_basic
D:3:      minmay_roachtagon, layout_basic, nicolae_qazlal_general_emergency,
          kennysheep_generic_room_14
D:4:      kennysheep_slugbush, layout_basic, nemelex_xobeh_ov_fountains_minmay
D:5:      layout_basic, nicolae_ru_sacrificial_ziggurat, gup_sewer_entry_glass
D:6:      layout_loops_ring, nicolae_yredelemnul_ghost_church,
          nicolae_hepliaklqana_hazy_memory, minmay_temple_entry_fiery,
          gammafunk_ghost_smash, serial_shops,
          nicolae_shop_temple_entry_statues_fountains, nicolae_shop_statue_plus,
          nicolae_diamond_shop, uniq_blork_the_orc
D:7:      layout_cave_pools, kennysheep_generic_room_6
D:8:      layout_gridville, jmf_multi_god_temple2, minitemple, enter_ossuary_5
D:9:      layout_irregular_city, amcnicky_altar_gilded, hangedman_incinerator
D:10:     layout_loops_cross, dpeg_lair_monsters, nicolae_blasting_shop,
          uniq_snorg, uniq_maurice, uniq_fannar, uniq_grum
Temple:   nicolae_temple_figure_zero

Skill      XL: |  1  2  3  4  5  6  7  8  9 10 11 |
---------------+----------------------------------+-----
Fighting       | 4 5 7 9 |  9.7
Armour         | 4 5 7 9 |  9.7
Maces & Flails | 3 4 6 7 9 10 | 10.8
Shields        | 4 5 6 |  6.3
Dodging        | 2 3 4 5 |  5.2
Invocations    | 2 5 6 |  6.2

Action                   |  1- 3 |  4- 6 |  7- 9 | 10-12 || total
-------------------------+-------+-------+-------+-------++-------
Melee: Flail             |   118 |   174 |   260 |       ||   552
       Eveningstar       |       |       |    98 |   456 ||   554
  Use: Scroll            |       |     2 |     5 |    12 ||    19
       Potion            |       |     2 |       |     5 ||     7
Armor: Scale mail        |   102 |   106 |   193 |   193 ||   594
       Chain mail        |       |       |       |    98 ||    98
Dodge: Dodged            |    95 |   197 |   299 |   348 ||   939
Block: Buckler           |    43 |    70 |   108 |   147 ||   368

Table legend: (Time is in decaauts)
 A = Elapsed time spent in this place.
 B = Non-inter-level travel time spent in this place.
 C = Inter-level travel time spent in this place.
 D = Time resting spent in this place.
 E = Time spent auto-exploring this place.
 F = Levels seen in this place.
 G = Mean time per level.
                   A        B        C        D        E       F      G
               +--------+--------+--------+--------+--------+-----+--------+
         Total |  12287 |  11773 |    514 |   3088 |   6380 |  13 |  945.2 |
       Dungeon |  11377 |  10875 |    502 |   3088 |   5838 |  10 | 1137.7 |
        Temple |    128 |    116 |     12 |      0 |    103 |   1 |  128.0 |
         Sewer |    490 |    490 |      0 |      0 |    304 |   1 |  490.0 |
       Ossuary |    290 |    290 |      0 |      0 |    134 |   1 |  290.0 |
               +--------+--------+--------+--------+--------+-----+--------+

Top non-repeatable levels by time:
     D:2: 2015 daAuts
     D:9: 1715 daAuts
     D:4: 1533 daAuts
     D:6: 1279 daAuts
    D:10: 1095 daAuts
     D:5: 850 daAuts
     D:8: 792 daAuts
     D:7: 724 daAuts
     D:3: 696 daAuts
     D:1: 676 daAuts
   Sewer: 490 daAuts
 Ossuary: 290 daAuts
  Temple: 128 daAuts
